 Dungeon Crawl Stone Soup version 0.19-a0-905-ge5e6a15 (webtiles) character file.

16952 Moloch the Destroyer (level 12, 0/75 HPs)
             Began as a Demonspawn Wizard on July 5, 2016.
             Was an Elder of Vehumet.
             Slain by an orc priest
             ... wielding a +0 morningstar
              (7 damage)
             ... on level 1 of the Orcish Mines.
             The game lasted 00:58:31 (15560 turns).

Moloch the Destroyer (Demonspawn Wizard)           Turns: 15560, Time: 00:58:31

Health: 0/75       AC: 12    Str:  7    XL:     12   Next: 14%
Magic:  20/30      EV: 13    Int: 25    God:    Vehumet [****..]
Gold:   1069       SH:  0    Dex: 12    Spells: 5 memorised, 23 levels left

rFire  + . .     SeeInvis .     T - +1 whip (venom)
rCold  + + .     Gourm    +     R - +2 robe {rC+ rF+}
rNeg   . . .     Faith    .     (no shield)
rPois  +         Spirit   .     u - +1 hat
rElec  .         Dismiss  .     o - +0 cloak
rCorr  .         Reflect  .     (gloves unavailable)
SustAt .         Harm     .     i - +0 pair of boots
MR     .....                    Q - amulet of the gourmand
Stlth  +++.......               w - ring of poison resistance
                                L - ring of stealth

@: not resistant to hostile enchantments, fairly stealthy
A: claws 3, iridescent scales 2, cold resistance 1, deformed body, high mp 1,
evolution 1
a: Renounce Religion


You were on level 1 of the Orcish Mines.
You worshipped Vehumet.
Vehumet was greatly pleased with you.
You were full.

You visited 3 branches of the dungeon, and saw 14 of its levels.

You collected 1069 gold pieces.

Inventory:

Hand Weapons
 T - a +1 whip of venom (weapon)
 U - a +0 blowgun
 Y - a +0 whip of electrocution
Missiles
 S - 8 curare-tipped needles
 V - 54 poisoned needles
Armour
 i - a +0 pair of boots (worn)
 o - a +0 cloak (worn)
 u - a +1 hat (worn)
 R - a +2 robe of resistance (worn)
Jewellery
 l - an uncursed ring of protection from cold
 w - a ring of poison resistance (right claw)
 F - an uncursed ring of resist corrosion
 J - an uncursed ring of ice
 L - a ring of stealth (left claw)
 Q - an amulet of the gourmand (around neck)
Wands
 q - a wand of polymorph (19/24)
 s - a wand of disintegration (20/24)
 X - a wand of lightning (6/15)
 Z - a wand of acid (8/15)
Scrolls
 b - 3 scrolls of recharging
 h - 7 scrolls of remove curse
 t - a scroll of magic mapping {unknown}
 v - a scroll of amnesia {unknown}
 y - a scroll of silence {unknown}
 z - 4 scrolls of noise {unknown}
 A - 2 scrolls of fear {unknown}
 B - 5 scrolls of teleportation
 D - a scroll of blinking {unknown}
 H - 2 scrolls of summoning {unknown}
 K - 3 scrolls of fog
 O - a scroll of enchant armour {unknown}
 P - a scroll of enchant weapon {unknown}
Potions
 e - 4 potions of lignification
 f - 3 potions of mutation
 j - 10 potions of curing
 k - a potion of heal wounds
 m - 2 potions of flight
 n - a potion of haste
 p - 2 potions of cancellation
 r - 3 potions of magic
 x - 2 potions of invisibility
 I - 3 potions of brilliance
 N - 2 potions of berserk rage {unknown}
Books
 c - a book of Minor Magic

   Spells                             Type                      Level
   a - Magic Dart                     Conjuration                  1
   b - Blink                          Translocation                2
   c - Call Imp                       Summoning                    2
   d - Repel Missiles                 Charms/Air                   2
   e - Slow                           Hexes                        2
   f - Conjure Flame                  Conjuration/Fire             3
   g - Mephitic Cloud                 Conjuration/Poison/Air       3
 C - a book of Death

   Spells                             Type                      Level
   a - Corpse Rot                     Necromancy                   2
   b - Sublimation of Blood           Necromancy                   2
   c - Agony                          Necromancy                   5
   d - Dispel Undead                  Necromancy                   5
   e - Excruciating Wounds            Charms/Necromancy            5
   f - Bolt of Draining               Conjuration/Necromancy       5
Comestibles
 a - a fruit
 d - 7 bread rations
 g - 10 meat rations
 E - 3 chunks of flesh
 G - 2 beef jerkies
 W - 8 slices of pizza


   Skills:
 - Level 0.4 Fighting
 - Level 2.6 Dodging
 - Level 1.8 Stealth
 - Level 0.3 Unarmed Combat
 + Level 11.5 Spellcasting
 + Level 11.6 Conjurations
 - Level 1.0 Summonings
 - Level 0.8 Translocations
 * Level 9.6 Fire Magic


You had 23 spell levels left.
You knew the following spells:

 Your Spells              Type           Power        Failure   Level  Hunger
a - Magic Dart            Conj           ####         1%          1    None
b - Blink                 Tloc           N/A          6%          2    None
c - Call Imp              Summ           ###.....     6%          2    None
d - Mephitic Cloud        Conj/Pois/Air  ####....     1%          3    None
e - Conjure Flame         Conj/Fire      ######..     1%          3    None


Dungeon Overview and Level Annotations

Branches:
Dungeon (12/15)            Temple (1/1) D:5            Lair (0/6) D:9
    Orc (1/2) D:12

Altars:
Ashenzari
Cheibriados
Dithmenos
Elyvilon
Fedhas
Gozag
Hepliaklqana
Kikubaaqudgha
Makhleb
Nemelex Xobeh
Okawaru
Pakellas
Qazlal
Ru
Sif Muna
Trog
Uskayaw
Vehumet
Xom
Yredelemnul
Zin
The Shining One

Shops:
D:6 *   D:10 }   Orc:1 *

Annotations:
D:6 Duffy's ghost, novice GrTm


Innate Abilities, Weirdness & Mutations

You have claws for hands.
You are mostly covered in iridescent scales. (AC +6)
Your flesh is cold resistant. (rC+)
Armour fits poorly on your strangely shaped body.
You have an increased reservoir of magic. (+10% MP)
You evolve.


Message History

You hit the orc priest.
The orc priest is heavily wounded.
The orc priest hits you but does no damage.
You closely miss the orc priest.
The orc priest is severely wounded.
The orc priest hits you with a morningstar!
* * * LOW HITPOINT WARNING * * *
You hit the orc priest.
The orc priest is severely wounded.
The orc priest closely misses you.
You hit the orc priest but do no damage.
The orc priest is severely wounded.
The orc priest barely misses you.
You closely miss the orc priest.
The orc priest is severely wounded.
The orc priest barely misses you.
You barely miss the orc priest.
The orc priest is severely wounded.
The orc priest hits you with a morningstar!
You die...

##.##.............)...........
#...............[...>........#
##......#............[...)...#
##.#............>........#..#
####..................#.....
##......................#
##.....................###
#.........#.))...)........
##.###...@................ ###
##.o)≈.≈.............
#...≈≈.≈≈............ ## ###
### ###..≈≈∩≈≈.....###.##.
#.##.###.###..#.≈≈≈≈≈#...## ##
......#...#......≈≈≈###.##
#..........#..#.##### ###
...............##
##.........##.##


You could see an orc priest.

Vanquished Creatures
  Snorg (D:11)
  Urug (D:11)
  9 hill giants
  Pikel (D:9)
  A cyclops (D:12)
  A manticore (D:11)
  Psyche (D:9)
  A gargoyle (D:10)
  2 trolls
  A meliai zombie (D:12)
  2 two-headed ogres
  Sigmund (D:4)
  8 yaks
  A human (D:11)
  A hungry ghost (D:11)
  A hippogriff (D:11)
  A basilisk (D:12)
  A mottled dragon (D:11)
  8 orc warriors
  2 ice beasts
  A black bear (D:8)
  2 sky beasts
  2 necrophages
  11 ogres
  2 wasps (D:10)
  A phantom (D:10)
  5 centaurs
  A crocodile (D:9)
  4 big kobolds
  5 giant frogs
  3 gnoll sergeants
  8 scorpions
  A crimson imp (D:5)
  A howler monkey (D:4)
  3 giant frog zombies
  A quasit (D:5)
  3 centaur zombies
  14 orc priests
  3 centaur skeletons
  6 hounds
  A giant frog skeleton (D:11)
  A gnoll shaman (D:7)
  Ijyb (D:2)
  7 worker ants
  Natasha (thrice) (D:4)
  2 iguanas
  12 orc wizards
  3 sheep (D:11)
  A hound zombie (D:7)
  A worker ant zombie (D:8)
  17 gnolls
  3 howler monkey skeletons
  19 adders
  3 river rats (D:9)
  An ooze (D:1)
  2 adder skeletons
  2 worms (D:2)
  A dart slug (D:4)
  8 giant geckos
  50 orcs
  5 giant cockroaches
  A goblin (D:2)
  5 hobgoblins
  20 jackals
  25 kobolds
  3 quokkas
  18 bats
  2 giant newts (D:1)
  2 quokka zombies
  11 rats
352 creatures vanquished.

Vanquished Creatures (collateral kills)
  A hungry ghost (D:10)
  A sky beast (D:6)
  A phantom (D:6)
  An orc priest (D:3)
  2 worker ants
  2 orcs (D:9)
  A giant cockroach (D:2)
9 creatures vanquished.

Vanquished Creatures (others)
  3 slaves (D:9)
  A centaur (D:7)
  An orc wizard (D:9)
  A river rat (D:9)
  3 jackals (D:9)
  4 rats (D:9)
  20 fungi (D:9)
  21 plants (D:9)
54 creatures vanquished.

Grand Total: 415 creatures vanquished

Notes
Turn   | Place    | Note
-------+----------+-------------------------------------------
     0 | D:1      | Moloch the Demonspawn Wizard began the quest for the Orb.
     0 | D:1      | Reached XP level 1. HP: 13/13 MP: 4/4
   251 | D:1      | Gained mutation: You have sharp fingernails. [demonic ancestry]
   251 | D:1      | Reached XP level 2. HP: 17/19 MP: 0/6
   852 | D:1      | Learned a level 2 spell: Blink
   855 | D:1      | Learned a level 2 spell: Call Imp
   944 | D:2      | Reached XP level 3. HP: 19/24 MP: 0/8
  1547 | D:2      | Noticed Ijyb
  1583 | D:2      | Killed Ijyb
  1583 | D:2      | Reached XP level 4. HP: 20/31 MP: 4/9
  1846 | D:2      | Learned a level 3 spell: Mephitic Cloud
  2372 | D:2      | Reached XP level 5. HP: 36/36 MP: 8/10
  2923 | D:3      | Found an iron altar of Okawaru.
  2990 | D:3      | Found a shadowy altar of Dithmenos.
  3501 | D:3      | Found a deep blue altar of Sif Muna.
  3501 | D:3      | Found a glowing golden altar of the Shining One.
  3635 | D:4      | Noticed Natasha
  3650 | D:4      | Killed Natasha
  3896 | D:4      | Learned a level 3 spell: Conjure Flame
  3901 | D:4      | Noticed Natasha
  3928 | D:4      | Noticed Sigmund
  4390 | D:4      | Gained mutation: You are partially covered in iridescent scales. (AC +4) [demonic ancestry]
  4390 | D:4      | Reached XP level 6. HP: 30/42 MP: 5/11
  4410 | D:4      | Reached skill level 5 in Conjurations
  4455 | D:4      | Killed Natasha
  4619 | D:4      | Noticed Natasha
  4626 | D:4      | Killed Natasha
  4709 | D:4      | Killed Sigmund
  4709 | D:4      | Reached XP level 7. HP: 40/47 MP: 2/12
  4947 | D:4      | Found an opulent altar of Gozag.
  5117 | D:5      | Entered Level 5 of the Dungeon
  5246 | D:5      | Found a staircase to the Ecumenical Temple.
  5262 | Temple   | Entered the Ecumenical Temple
  5310 | Temple   | Became a worshipper of Vehumet
  5426 | D:5      | Reached XP level 8. HP: 51/53 MP: 6/13
  5475 | D:5      | Found a sacrificial altar of Ru.
  5654 | D:5      | Found a blossoming altar of Fedhas.
  5688 | D:5      | Found a stormy altar of Qazlal.
  5906 | D:6      | Found Luaphu's General Store.
  5932 | D:6      | Reached skill level 1 in Fire Magic
  6054 | D:6      | Found a snail-covered altar of Cheibriados.
  6145 | D:6      | Noticed Duffy's ghost (novice GrTm)
  6365 | D:5      | Reached * piety under Vehumet
  6365 | D:5      | Offered knowledge of Sting by Vehumet.
  6987 | D:6      | Reached skill level 5 in Fire Magic
  7199 | D:7      | Found a sparkling altar of Nemelex Xobeh.
  7227 | D:7      | Found a hazy altar of Hepliaklqana.
  7315 | D:7      | Reached XP level 9. HP: 33/58 MP: 5/14
  7715 | D:7      | Gained mutation: You evolve. [mutagenic meat]
  7721 | D:7      | Gained mutation: You have an increased reservoir of magic. (+10% MP) [mutagenic meat]
  8116 | D:8      | Reached skill level 5 in Spellcasting
  8346 | D:8      | Gained mutation: You are mostly covered in iridescent scales. (AC +6) [mutagenic meat]
  8352 | D:8      | Gained mutation: Armour fits poorly on your strangely shaped body. [mutagenic meat]
  8894 | D:9      | Noticed Psyche
  8914 | D:9      | Reached ** piety under Vehumet
  8914 | D:9      | Offered knowledge of Sandblast by Vehumet.
  8930 | D:9      | Killed Psyche
  9556 | D:9      | Gained mutation: You have very sharp fingernails. [evolution]
  9663 | D:9      | Reached XP level 10. HP: 57/64 MP: 11/22
  9940 | D:9      | Noticed Pikel
  9983 | D:9      | Killed Pikel
 10157 | D:9      | Offered knowledge of Dazzling Spray by Vehumet.
 10280 | D:9      | Reached *** piety under Vehumet
 10305 | D:9      | Found a staircase to the Lair.
 10405 | D:9      | Found an ancient bone altar of Kikubaaqudgha.
 10495 | D:10     | Entered Level 10 of the Dungeon
 10508 | D:10     | Noticed a hill giant
 10606 | D:9      | Killed a hill giant
 10851 | D:10     | Offered knowledge of Static Discharge by Vehumet.
 10869 | D:10     | Noticed a hill giant
 10917 | D:10     | Killed a hill giant
 10982 | D:10     | Reached skill level 10 in Conjurations
 11381 | D:10     | Noticed a gargoyle
 11423 | D:10     | Killed a gargoyle
 11468 | D:10     | Found Suerim's Gadget Shoppe.
 11645 | D:11     | Noticed a manticore
 11649 | D:11     | Found a snail-covered altar of Cheibriados.
 11677 | D:11     | Killed a manticore
 11677 | D:11     | Gained mutation: You have claws for hands. [demonic ancestry]
 11677 | D:11     | Reached XP level 11. HP: 65/69 MP: 21/26
 11757 | D:11     | Noticed Snorg
 11801 | D:11     | Killed Snorg
 11902 | D:11     | Noticed a hill giant
 11930 | D:11     | Killed a hill giant
 12031 | D:11     | Reached **** piety under Vehumet
 12040 | D:11     | Noticed Urug
 12152 | D:11     | Killed Urug
 12152 | D:11     | Reached skill level 10 in Spellcasting
 12218 | D:11     | Found a shimmering altar of Xom.
 12410 | D:11     | Noticed a hill giant
 12411 | D:11     | Noticed a hill giant
 12444 | D:11     | Offered knowledge of Throw Icicle by Vehumet.
 12509 | D:11     | Killed a hill giant
 12551 | D:11     | Killed a hill giant
 12726 | D:11     | Noticed a hill giant
 13179 | D:11     | Killed a hill giant
 13298 | D:11     | Noticed a hill giant
 13331 | D:11     | Killed a hill giant
 13555 | D:12     | Noticed a hill giant
 13625 | D:11     | Killed a hill giant
 14045 | D:12     | Noticed a red ugly thing
 14132 | D:12     | Noticed a green ugly thing
 14334 | D:12     | Noticed a hill giant
 14361 | D:12     | Killed a hill giant
 14361 | D:12     | Gained mutation: Your flesh is cold resistant. (rC+) [demonic ancestry]
 14361 | D:12     | Reached XP level 12. HP: 47/75 MP: 13/30
 14808 | D:12     | Found a staircase to the Orcish Mines.
 14827 | Orc:1    | Entered Level 1 of the Orcish Mines
 15020 | Orc:1    | Found Nuolo's General Store.
 15560 | Orc:1    | Slain by an orc priest

Vault maps used:
D:1:      scummos_arrival_simple_fountains, minmay_misc_feat_alley
D:2:      minmay_door_path, uniq_iyjb
D:3:      okawaru_gym_becter, lemuel_round_altar,
          amethyst_overflow_temple_binary, first_bread
D:4:      nicolae_gozag_cash_rules_everything_around_me, minmay_joined_circles,
          uniq_natasha, uniq_sigmund
D:5:      nicolae_ru_awakened_eye, lemuel_doored_altar, fedhas_altar_3,
          kennysheep_generic_room_8
D:6:      nicolae_whirlpool, kennysheep_little_box, serial_shops, shop
D:7:      old_standard_altar, nemelex_altar_shiori
D:9:      marbit_many_paths, grunt_lair_entry_orc_guard_hut, uniq_pikel,
          uniq_psyche
D:10:     serial_shops, shop
D:11:     grunt_livestock, hangedman_feature_mirror, uniq_urug, uniq_snorg
D:12:     orc_0_dummy
Temple:   jpeg_temple_alley_garden
Orc:1:    serial_shops, nicolae_shop_waterfront

Skill      XL: |  1  2  3  4  5  6  7  8  9 10 11 |
---------------+----------------------------------+-----
Dodging        | 2 |  2.6
Conjurations   | 2 4 6 8 9 10 11 | 11.6
Fire Magic     | 5 7 8 9 |  9.6
Spellcasting   | 7 9 11 | 11.5
Fighting       | |  0.4
Stealth        | |  1.8
Unarmed Combat | |  0.3
Summonings     | |  1.0
Translocations | |  0.8

Action                   |  1- 3 |  4- 6 |  7- 9 | 10-12 || total
-------------------------+-------+-------+-------+-------++-------
Melee: Unarmed           |    88 |    68 |       |       ||   156
       War axe           |       |    29 |   275 |    25 ||   329
       Dagger            |       |       |    14 |       ||    14
       Whip              |       |       |       |   497 ||   497
       Punch             |       |       |       |     1 ||     1
 Fire: Blowgun           |       |       |       |   268 ||   268
 Cast: Magic Dart        |    85 |   136 |   228 |   142 ||   591
       Call Imp          |       |     6 |    14 |    18 ||    38
       Mephitic Cloud    |       |     5 |    40 |   189 ||   234
       Conjure Flame     |       |       |    15 |    18 ||    33
       Blink             |       |       |     7 |    29 ||    36
Evoke: Wand              |       |       |       |     6 ||     6
  Use: Scroll            |       |     2 |     6 |    11 ||    19
       Potion            |       |       |       |     1 ||     1
 Stab: Confused          |       |     2 |     3 |    28 ||    33
       Distracted        |       |       |     1 |       ||     1
       Sleeping          |       |       |       |     1 ||     1
  Eat: Chunk             |     2 |     9 |    24 |    26 ||    61
       Fruit             |       |     1 |       |     1 ||     2
       Beef jerky        |       |       |     1 |       ||     1
       Pizza             |       |       |       |     2 ||     2
       Royal jelly       |       |       |       |     1 ||     1
Armor: Robe              |    38 |    53 |   154 |   189 ||   434
Dodge: Dodged            |    73 |    66 |   263 |   338 ||   740
